AoeStats
← Lone2311

Black Forest

509532080Analyzed
3v3 RM · 7d ago on Sep 27, 2026· 50m 57s· 6 players
Game mode
Random Map
Map size
Normal (6 player)
Population
200
Speed
Normal
Resources
Standard
Victory
Conquest
Starting age
Dark Age
Ending age
Imperial Age
RankedLock teamsTeams togetherTeam positionsShared explorationLock speedFull tech treeHidden civsTurbo modeCheats
Victory
Defeat
🇳🇴 Japanese · Norway
1245
+5
🇨🇳 Mongols · China
1112
+8
🇮🇹 Romans · Italy
1092
+8
🇨🇦 Mongols · Canada
942
-7
🇲🇽 Slavs · Mexico
925
-7
🇲🇽 Persians · Mexico
920
-7
Gin
3:51 Loom
10:55 Feudal Age
11:01 Man-at-Arms
11:45 Arson
20:37 Castle Age
18:55 Double-Bit Axe
22:06 Fletching
22:58 Wheelbarrow
22:15 Long Swordsman
27:06 Bow Saw
26:51 Horse Collar
33:24 Hand Cart
35:45 Imperial Age
33:23 Pikeman
34:04 Squires
34:18 Bodkin Arrow
34:24 Padded Archer Armor
35:15 Thumb Ring
35:55 Leather Archer Armor
36:31 Ballistics
36:55 Conscription
36:08 Heavy Cavalry Archer
37:38 Parthian Tactics
37:15 Gold Mining
37:47 Bracer
39:25 Ring Archer Armor
39:24 Scale Mail Armor
39:36 Forging
40:40 Chemistry
39:54 Fortified Wall
40:51 Halberdier
42:01 Chain Mail Armor
42:15 Conscription
42:53 Two-Handed Swordsman
45:27 Plate Mail Armor
45:43 Iron Casting
45:00 Champion
45:27 Gambesons
46:35 Caravan
46:53 Elite Samurai
48:50 Blast Furnace
Khruner
0:28 Loom
13:26 Feudal Age
17:50 Castle Age
16:19 Double-Bit Axe
23:01 Gold Mining
24:56 Fortified Wall
25:18 Horse Collar
25:55 Bow Saw
26:02 Scale Mail Armor
26:07 Heavy Plow
27:10 Wheelbarrow
26:28 Town Watch
27:26 Pikeman
32:08 Imperial Age
29:44 Squires
30:14 Stone Mining
31:02 Gold Shaft Mining
30:53 Hand Cart
31:20 Man-at-Arms
32:25 Halberdier
33:09 Onager
33:20 Long Swordsman
35:19 Capped Ram
36:44 Chain Mail Armor
36:39 Forging
36:37 Siege Engineers
37:34 Chemistry
36:48 Masonry
37:24 Crop Rotation
37:19 Conscription
36:54 Legionary
37:54 Siege Ram
39:13 Heavy Scorpion
40:10 Town Patrol
40:48 Comitatenses
41:27 Ballistas
42:11 Iron Casting
48:33 Elite Centurion
51:13 Blast Furnace
50:19 Scale Barding Armor
Mr.Curiosity
8:33 Loom
11:04 Feudal Age
12:41 Double-Bit Axe
15:19 Fletching
15:45 Fishing Lines
21:36 Castle Age
23:00 Gillnets
25:17 Wheelbarrow
26:51 Bow Saw
29:43 Imperial Age
27:01 Town Watch
27:09 Gold Mining
27:09 Stone Mining
28:10 Hand Cart
28:58 Horse Collar
30:10 Stone Shaft Mining
30:10 Gold Shaft Mining
30:49 Heavy Plow
31:35 Town Patrol
32:29 Bodkin Arrow
32:45 Forging
32:41 Scale Barding Armor
34:05 Elite Mangudai
35:12 Conscription
37:43 Chemistry
37:03 Ballistics
36:21 Capped Ram
37:16 Siege Ram
38:58 Bracer
38:58 Padded Archer Armor
39:34 Iron Casting
39:19 Chain Barding Armor
40:30 Bloodlines
40:20 Husbandry
39:42 Light Cavalry
40:56 Siege Engineers
41:01 Masonry
40:48 Murder Holes
42:48 Hussar
46:56 Caravan
Octimen128
3:24 Loom
8:03 Loom
10:19 Feudal Age
10:45 Loom
10:51 Double-Bit Axe
14:55 Gold Mining
16:46 Fletching
16:56 Padded Archer Armor
19:00 Wheelbarrow
25:32 Castle Age
24:41 Stone Mining
25:27 Bloodlines
25:11 Fishing Lines
25:16 Horse Collar
26:35 Bodkin Arrow
27:23 Bow Saw
31:02 Imperial Age
31:51 Bracer
31:58 Husbandry
34:16 Conscription
34:47 Hand Cart
34:17 Town Watch
34:10 Elite Mangudai
34:29 Crossbowman
37:19 Leather Archer Armor
37:15 Forging
38:50 Parthian Tactics
38:11 Elite Skirmisher
40:07 Iron Casting
39:46 Thumb Ring
40:39 Scale Barding Armor
40:04 Light Cavalry
41:56 Blast Furnace
41:27 Parthian Tactics
43:50 Hoardings
42:53 Hussar
49:55 Heavy Plow
Lone2311
0:27 Loom
11:46 Feudal Age
13:13 Wheelbarrow
12:27 Double-Bit Axe
12:24 Horse Collar
12:33 Town Watch
15:39 Man-at-Arms
16:20 Gold Mining
23:45 Castle Age
25:03 Hand Cart
25:02 Bow Saw
25:32 Gold Shaft Mining
24:48 Stone Mining
25:01 Heavy Plow
25:04 Padded Archer Armor
24:57 Fletching
28:30 Long Swordsman
36:04 Imperial Age
33:51 Detinets
37:28 Crop Rotation
38:12 Two-Man Saw
37:37 Caravan
37:42 Two-Handed Swordsman
37:43 Pikeman
38:23 Squires
38:48 Conscription
38:29 Druzhina
37:50 Elite Boyar
39:07 Hoardings
38:45 Onager
40:00 Town Patrol
40:10 Halberdier
40:33 Capped Ram
42:48 Chemistry
42:09 Ballistics
41:46 Murder Holes
41:44 Elite Skirmisher
42:21 Siege Ram
44:32 Husbandry
44:42 Bloodlines
43:53 Light Cavalry
44:28 Siege Onager
47:43 Champion
47:54 Hussar
AxelMV877657
1:49 Loom
12:07 Feudal Age
12:36 Double-Bit Axe
12:36 Horse Collar
19:50 Castle Age
18:54 Bloodlines
19:57 Scale Barding Armor
19:55 Padded Archer Armor
20:01 Fletching
20:38 Stone Mining
22:17 Heavy Plow
26:42 Bow Saw
27:36 Crossbowman
28:22 Thumb Ring
28:31 Town Watch
29:34 Wheelbarrow
30:05 Gold Mining
30:50 Stone Shaft Mining
31:22 Gold Shaft Mining
31:36 Chain Barding Armor
31:32 Leather Archer Armor
31:17 Scale Mail Armor
31:34 Forging
32:03 Town Patrol
32:41 Hand Cart
36:00 Imperial Age
34:41 Coinage
34:11 Caravan
34:09 Light Cavalry
34:50 Husbandry
34:48 Bodkin Arrow
35:09 Chain Mail Armor
35:30 Iron Casting
34:38 Elite Skirmisher
35:21 Kamandaran
34:51 Pikeman
35:16 Arson
35:32 Squires
35:17 Gambesons
37:18 Two-Man Saw
36:51 Crop Rotation
36:36 Citadels
37:00 Ring Archer Armor
37:39 Plate Mail Armor
37:45 Plate Barding Armor
39:28 Blast Furnace
40:40 Plate Barding Armor
42:03 Chemistry
40:58 Murder Holes
43:22 Hussar
43:23 Cavalier
Connection lost

Rejoining the realm…

Still unreachable

The connection could not be restored.

Session expired

The server has moved on; the page needs a fresh start.